Map: Port Aleksander LE

Players

ToRaKiKi - Winner!

  • Race: Zerg Zerg
  • League: Diamond
  • Spawn Location: 11:00

recic

  • Race: Protoss Protoss
  • League: Diamond
  • Spawn Location: 5:00

VOD

Have the link to the VOD?

Description

Time

  • Played on: March 8, 2019, 1:51 a.m.
  • Length: 8:16
Show
View Real Time Build Order
Export as new Build Order

ToRaKiKi Zerg - Winner!

Build Orders: Pool First 

Get SALT Encoding   

  12  0:12  Drone  
  13  0:14  Overlord  
  13  0:19  Drone  
  14  0:33  Drone  
  14  0:34  Drone  
  16  0:44  Drone  
  16  0:49  Spawning Pool  
  16  0:55  Drone  
  17  1:14  Hatchery  
  17  1:16  Drone  
  17  1:25  Drone  
  18  1:33  Extractor  
  18  1:38  Queen  
  19  1:44  Zergling x2  
  19  1:45  Zergling x2  
  21  1:53  Drone  
  22  2:10  Overlord  
  22  2:19  Hatchery  
  21  2:28  Drone x3  
  24  2:36  Drone  
  25  2:38  Queen  
  25  2:41  Queen  
  29  2:53  Drone x3  
  32  3:01  Drone x3  
  35  3:23  Drone  
  35  3:24  Overlord  
  35  3:25  Overlord  
  36  3:29  Extractor  
  36  3:32  Extractor, Drone  
  36  3:33  Drone x3  
  38  3:39  Metabolic Boost  
  38  3:41  Lair  
  38  3:51  Queen  
  38  3:55  Drone x3  
  43  4:04  Overlord  
  43  4:06  Drone x2  
  43  4:07  Drone  
  46  4:13  Roach Warren  
  46  4:14  Spore Crawler  
  44  4:19  Queen  
  44  4:23  Drone x2  
  48  4:25  Drone  
  49  4:34  Overlord x2  
  49  4:45  Drone  
  50  4:47  Evolution Chamber  
  49  4:57  Glial Reconstitution  
  49  5:01  Drone x4  
  49  5:02  Drone x2  
  55  5:14  Drone x8  
  55  5:15  Drone x2  
  55  5:20  Zerg Missile Weapons Level 1  
  65  5:23  Overlord  
  65  5:26  Overlord  
  65  5:44  Overlord x5  
  65  5:49  Zergling x2  
  66  5:50  Zergling x10  
  71  6:00  Zergling x2  
  71  6:01  Zergling x12  
  78  6:14  Roach  
  78  6:15  Roach x7  
  94  6:21  Overlord  
  94  6:22  Overlord  
  94  6:24  Overlord x2  
  94  6:33  Roach x3  
  98  6:47  Roach x8  
  98  6:52  Overseer  
  114  6:58  Roach x6  
  126  7:19  Roach x9  
  143  7:34  Hatchery  
  133  7:39  Roach  
  133  7:40  Roach x9  
  138  7:53  Zergling x8  
  138  7:54  Zergling x2  
  139  7:59  Drone  
Show
View Real Time Build Order
Export as new Build Order

recic Protoss 

Build Orders: 1 Gate Expand, Phoenix Opening 

Get SALT Encoding   

  12  0:00  Probe  
  13  0:13  Probe  
  14  0:18  Pylon  
  14  0:25  Probe  
  15  0:37  Gateway  
  15  0:43  Assimilator  
  15  0:46  Probe  
  16  0:58  Probe  
  18  1:23  Nexus  
  17  1:36  Cybernetics Core  
  17  1:39  Probe  
  18  1:49  Assimilator  
  18  1:54  Pylon  
  18  1:56  Probe  
  19  2:05  Warp Gate  
  19  2:10  Probe  
  19  2:12  Adept  
  22  2:31  Probe  
  22  2:34  Probe  
  22  2:35  Stargate  
  23  2:39  Probe  
  23  2:42  Probe  
  25  2:48  Probe  
  26  2:56  Adept  
  29  3:02  Probe  
  29  3:05  Assimilator, Probe  
  31  3:15  Probe  
  31  3:17  Probe  
  31  3:19  Phoenix  
  35  3:27  Probe  
  35  3:31  Pylon  
  35  3:32  Probe  
  37  3:39  Robotics Facility  
  37  3:41  Probe  
  38  4:00  Gateway  
  38  4:02  Phoenix  
  40  4:04  Gateway  
  40  4:12  Pylon  
  40  4:17  Forge  
  40  4:31  Immortal  
  40  4:34  Gateway  
  40  4:35  Gateway  
  44  4:46  Protoss Ground Weapons Level 1  
  44  4:57  Phoenix  
  46  5:04  Twilight Council  
  46  5:08  Gateway  
  46  5:12  Observer  
  47  5:17  Adept  
  47  5:19  Resonating Glaives  
  49  5:22  Probe x2  
  49  5:28  Assimilator  
  50  5:32  Sentry  
  50  5:34  Probe x2  
  54  5:36  Stalker  
  56  5:58  Stalker  
  56  5:59  Stalker  
  56  6:00  Stalker  
  62  6:21  Pylon  
  62  6:24  Pylon  
  62  6:39  Warp Prism, Probe x2, Phoenix  
  68  6:41  Adept  
  68  6:42  Adept x2  
  74  6:48  Pylon  
  74  6:52  Probe  
  75  7:05  Stalker  
  77  7:19  Immortal  
  81  7:24  Pylon  
  72  7:49  Adept  
  72  7:50  Stalker x3  
  60  8:11  Stalker  
Tags
 
Add a new tag
Caveats
  • Supply blocks, unpowered buildings, or Contaminate may cause inaccurate times.
  • Supply counts are checked every 10 seconds.